AoeStats
← Artemiska

Golden Pit

509746115Analyzed
1v1 RM · 4d ago on Sep 27, 2026· 34m 18s· 2 players
Game mode
Random Map
Map size
Tiny (2 player)
Population
200
Speed
Normal
Resources
Standard
Victory
Conquest
Starting age
Dark Age
Ending age
Imperial Age
RankedLock teamsTeams togetherTeam positionsShared explorationLock speedFull tech treeHidden civsTurbo modeCheats
Victory
Defeat
🇨🇴 Britons · Colombia
863
+18
🇨🇿 Danes · Czechia
898
-18
andrewt12357
0:28 Loom
10:16 Feudal Age
10:52 Horse Collar
14:37 Wheelbarrow
20:28 Town Watch
22:08 Fletching
28:41 Castle Age
26:44 Padded Archer Armor
27:16 Double-Bit Axe
27:45 Forging
28:47 Light Cavalry
29:28 Husbandry
29:14 Crossbowman
29:33 Pikeman
Artemiska
7:19 Loom
9:34 Feudal Age
10:34 Man-at-Arms
17:01 Forging
17:30 Fletching
18:42 Arson
19:12 Scale Mail Armor
22:54 Double-Bit Axe
26:25 Castle Age
25:18 Stone Mining
26:53 Horse Collar
26:39 Long Swordsman
27:07 Gambesons
27:26 Squires
30:37 Chain Mail Armor
34:05 Elite Skirmisher
Connection lost

Rejoining the realm…

Still unreachable

The connection could not be restored.

Session expired

The server has moved on; the page needs a fresh start.